 Dungeon Crawl Stone Soup version 0.28.0-1-gb440e238dd (webtiles) character file.

Game seed: 15123625389784426606

4687 hikkokomori the Geomancer (level 10, -5/64 HPs)
             Began as a Gargoyle Earth Elementalist on Feb 26, 2022.
             Was an Initiate of Vehumet.
             Slain by an orc warrior (17 damage)
             ... in a bailey.
             The game lasted 00:18:16 (10434 turns).

hikkokomori the Geomancer (GrEE)                   Turns: 10434, Time: 00:18:17

Health: -5/64      AC: 15    Str: 15    XL:     10   Next: 44%
Magic:  2/20       EV: 12    Int: 17    God:    Vehumet [......]
Gold:   408        SH:  0    Dex: 16    Spells: 16/22 levels left

rFire   . . .      SeeInvis .   s - +0 whip (elec)
rCold   . . .      Faith    +   (no shield)
rNeg    + . .      Spirit   .   K - +0 steam dragon scales
rPois   ∞          Reflect  .   l - +0 helmet
rElec   +          Harm     .   w - +0 cloak
rCorr   .          Rampage  .   r - +0 pair of gloves
Will    +....                   (no boots)
Stlth   +++.......              f - amulet of faith
HPRegen 0.20/turn               x - ring of willpower
MPRegen 0.17/turn               y - +6 ring of dexterity

@: no status effects
A: sickness immunity, AC +7, negative energy resistance 1, electricity
resistance, torment resistance 1, petrification resistance
a: Renounce Religion


You were in a bailey.
You worshipped Vehumet.
Vehumet was noncommittal.
You visited 2 branches of the dungeon, and saw 9 of its levels.
You also visited: Sewer and Bailey.

You collected 434 gold pieces.
You spent 26 gold pieces at shops.

Inventory:

Hand Weapons
 a - a +0 club
 n - a +2 dagger of venom
 s - a +0 whip of electrocution (weapon)
 v - a +4 quarterstaff of chaos
Missiles
 c - 145 stones
Armour
 b - a +0 robe
 j - a scarf of invisibility
 l - a +0 helmet (worn)
 r - a +0 pair of gloves (worn)
 w - a +0 cloak (worn)
 J - a +0 buckler
 K - +0 steam dragon scales (worn)
Jewellery
 f - an amulet of faith (around neck)
 x - a ring of willpower (left hand)
 y - a +6 ring of dexterity (right hand)
Wands
 h - a wand of mindburst (11)
 u - a wand of flame (23)
Scrolls
 d - 2 scrolls of vulnerability
 i - 2 scrolls of blinking
 m - 3 scrolls of amnesia
 t - a scroll of teleportation
 z - 3 scrolls of fear
 D - 2 scrolls of silence {unknown}
 G - a scroll of identify
 H - 2 scrolls of enchant armour {unknown}
 I - a scroll of fog {unknown}
Potions
 e - 4 potions of curing
 g - 3 potions of resistance
 o - 2 potions of attraction {unknown}
 p - a potion of flight
 q - a potion of cancellation {unknown}
 A - a potion of heal wounds {unknown}
 B - 4 potions of might {unknown}
 C - 2 potions of invisibility {unknown}
 E - a potion of mutation {unknown}
 F - a potion of lignification {unknown}
Miscellaneous
 k - a piece from Xom's chessboard (15/15)


   Skills:
 + Level 7.7 Fighting
 - Level 4.8 Maces & Flails
 - Level 1.5 Dodging
 - Level 6.8 Stealth
 + Level 3.6 Shields
 + Level 6.7 Spellcasting
 + Level 4.7 Conjurations
 - Level 0.7 Transmutations
 - Level 8.2 Earth Magic


You had 16 spell levels left.
You knew the following spells:

 Your Spells              Type           Power      Damage    Failure   Level
a - Sandblast             Erth           66%        2d15      1%          1
b - Passwall              Tmut/Erth      16%        N/A       3%          2
c - Stone Arrow           Conj/Erth      54%        3d10      2%          3

Your spell library contained the following spells:

 Spells                   Type           Power      Damage    Failure   Level
 Petrify                  Tmut/Erth      20%        N/A       19%         4


Dungeon Overview and Level Annotations

Branches:
Dungeon (8/15)             Temple (1/1) D:7           Sewer (visited)
 Bailey (1/1)
   Lair: D:8-11

Altars:
Ashenzari
Cheibriados
Dithmenos
Elyvilon
Fedhas
Gozag
Hepliaklqana
Kikubaaqudgha
Makhleb
Nemelex Xobeh
Okawaru
Qazlal
Ru
Sif Muna
Trog
Uskayaw
Vehumet
Wu Jian
Xom
Yredelemnul
Zin
The Shining One

Shops:
D:2 *


Innate Abilities, Weirdness & Mutations

You are immune to sickness and miasma.
Your stone body is resilient. (AC +7)
You are immune to poison.
You resist negative energy. (rN+)
You are resistant to electric shocks. (rElec)
You are resistant to unholy torment.
You are immune to petrification.


Message History

Aim: an orc, wielding a +0 trident and wearing a +0 chain mail (strong, 87% to hit)
The blast of sand hits the orc.
The orc is moderately wounded.
The orc barely misses you.
You barely miss the orc.
The orc is moderately wounded.
An orc comes into view. It is wielding a +0 spear.
The orc closely misses you.
You hit the orc.
The orc is severely wounded.
The orc hits you with a +0 trident!
You barely miss the orc.
The orc is severely wounded.
Okay, then.
You hit the orc but do no damage.
The orc is severely wounded.
The orc hits you but does no damage.
You closely miss the orc.
The orc is severely wounded.
The orc closely misses you.
You hit the orc.
You kill the orc!
Vehumet accepts your kill.
The orc warrior hits you but does no damage.
The orc closely misses you.
Things that are here:
a +0 trident; a +0 chain mail You closely miss the orc warrior.
The orc warrior barely misses you. The orc barely misses you.
Casting: Sandblast (safe; 1% risk of failure)
Confirm with . or Enter, or press ? or * to list all spells.
You don't know that spell.
The orc warrior hits you with a +0 glaive!
* * * LOW HITPOINT WARNING * * *
The orc closely misses you.
You feel better. The orc warrior closely misses you.
The orc closely misses you.
An orc warrior comes into view. It is wielding a +0 glaive.
The orc warrior hits you with a +0 glaive!
You die...

♣♣♣♣≈≈≈≈≈♣ ♣♣..≈≈≈≈≈.♣
#♣..≈≈≈≈≈..♣
#...≈≈≈≈..####
####..≈≈≈≈≈..#$.########
##.....≈≈≈≈...#...o......
...♣♣..≈≈≈≈...##)........
....♣..≈≈≈≈....#o.######
......######...#@8# ..
......)........#..#
...............'..#
...............'..#
...............#..#
......######...#.8#
.......≈≈≈≈....#..#
....♣..≈≈≈≈.♣.##..o
##.....≈≈≈≈...#.....


You could see 2 orc warriors and an orc.

Vanquished Creatures
  An orc knight (Bailey)
  A manticore (D:7)
  Sigmund (D:2)
  A shadow (D:6)
  A steam dragon (D:8)
  3 vampire mosquitoes (D:7)
  5 water moccasins
  2 orc warriors
  A black bear (D:6)
  A hornet zombie (D:7)
  5 sky beasts
  3 ogres
  A necrophage (D:6)
  2 centaurs (D:6)
  A phantom (D:5)
  A kobold brigand (D:6)
  A bullfrog (D:7)
  4 scorpions
  2 wyvern zombies
  A water moccasin skeleton (D:4)
  2 howler monkeys (D:7)
  A centaur zombie (D:6)
  2 hounds
  A gnoll shaman (D:4)
  Crazy Yiuf (D:3)
  A bullfrog skeleton (D:7)
  An iguana (D:6)
  2 orc wizards (D:4)
  Robin (D:1)
  3 gnolls (D:4)
  2 howler monkey skeletons (D:5)
  8 adders
  A white imp (D:3)
  An ufetubus (D:7)
  A dart slug (D:2)
  21 orcs
  6 ball pythons
  6 bats
  10 endoplasms
  10 giant cockroaches
  20 goblins
  10 hobgoblins
  10 jackals
  7 kobolds
  6 quokkas
  A frilled lizard (D:2)
  7 rats
180 creatures vanquished.

Notes
Turn   | Place    | Note
-------+----------+-------------------------------------------
     0 | D:1      | hikkokomori the Gargoyle Earth Elementalist began the quest
                  | for the Orb.
     0 | D:1      | Reached XP level 1. HP: 10/10 MP: 3/3
   485 | D:1      | Reached XP level 2. HP: 8/16 MP: 3/5
   845 | D:1      | Reached skill level 1 in Fighting
   939 | D:1      | Reached skill level 4 in Earth Magic
  1072 | D:1      | Reached XP level 3. HP: 20/20 MP: 3/6
  1262 | D:1      | Found a faded altar of an unknown god.
  1817 | D:2      | Found Zal Jerph's General Store.
  1822 | D:2      | Bought a scroll of identify for 26 gold pieces
  1939 | D:2      | Noticed Robin
  2125 | D:1      | Killed Robin
  2126 | D:1      | Reached XP level 4. HP: 15/26 MP: 0/7
  2388 | D:2      | Noticed Sigmund
  2396 | D:2      | Killed Sigmund
  2397 | D:2      | Reached XP level 5. HP: 17/32 MP: 0/9
  2409 | D:2      | Reached skill level 5 in Earth Magic
  2409 | D:2      | Reached XP level 6. HP: 21/36 MP: 1/10
  2769 | D:2      | Identified the +1 ring mail "Atockod" {Harm *Slow rN+
                  | Stlth+}
  2935 | D:3      | Noticed a sky beast
  2954 | D:3      | Killed a sky beast
  3138 | D:3      | Reached XP level 7. HP: 41/41 MP: 12/12
  3142 | D:3      | Learned a level 2 spell: Passwall
  3146 | D:3      | Learned a level 3 spell: Stone Arrow
  3866 | D:3      | Found a runed translucent door.
  3867 | D:3      | Noticed Crazy Yiuf
  4151 | D:3      | Killed Crazy Yiuf
  4520 | D:4      | Reached skill level 1 in Maces & Flails
  4520 | D:4      | Reached skill level 5 in Stealth
  4841 | D:4      | Reached skill level 6 in Earth Magic
  5341 | D:4      | Found an opulent altar of Gozag.
  5784 | D:5      | Entered Level 5 of the Dungeon
  5806 | D:5      | Reached XP level 8. HP: 42/48 MP: 8/14
  5882 | D:5      | Found a glowing drain.
  5947 | Sewer    | Entered a sewer
  6462 | D:5      | Reached skill level 5 in Fighting
  7060 | D:6      | Reached skill level 7 in Earth Magic
  7116 | D:6      | Reached skill level 5 in Spellcasting
  7188 | D:6      | Reached XP level 9. HP: 35/54 MP: 16/16
  7656 | D:6      | Reached skill level 1 in Conjurations
  7856 | D:6      | Identified the +0 spear "Pouraiv" {venom, rElec rF- Int+3}
  8536 | D:7      | Reached skill level 8 in Earth Magic
  8800 | D:7      | Noticed a manticore
  8804 | D:7      | Killed a manticore
  8805 | D:7      | Reached skill level 1 in Shields
  8805 | D:7      | Reached XP level 10. HP: 46/61 MP: 5/19
  8900 | D:7      | Found a staircase to the Ecumenical Temple.
  8918 | Temple   | Entered the Ecumenical Temple
  9055 | Temple   | Became a worshipper of Vehumet
 10132 | D:8      | Found a flagged portal.
 10221 | Bailey   | Entered a bailey
 10411 | Bailey   | Noticed an orc knight
 10422 | Bailey   | Killed an orc knight
 10434 | Bailey   | Slain by an orc warrior

Illustrated notes

Levels and vault maps discovered:
D:1:      lemuel_arrival_funnel, layout_loops_cross,
          dilly_ecumenical_altar_fadedgnrine, minmay_tromino_v4_b
D:2:      layout_loops_ring, serial_shops, nicolae_shop_trees,
          nrook_mini_backslash, kennysheep_generic_room_7, uniq_sigmund,
          uniq_robin
D:3:      minmay_diamond_boxcup, layout_basic, grunt_decor_clamped,
          uniq_crazy_yiuf_cottage
D:4:      layout_basic, nicolae_gozag_seed_capital
D:5:      layout_rooms, gup_sewer_entry_pipe
D:6:      layout_loops_ring, minmay_stone_trees_small, dk_vineyard_2
D:7:      layout_loops_cross, minmay_temple_entry_water_ring,
          serial_bayou_crossing
D:8:      layout_basic, enter_bailey_3
Temple:   nicolae_temple_the_god_donut
Bailey:   bailey_polearm_elven_captive_hellmonk, bailey

Skill      XL: |  1  2  3  4  5  6  7  8  9 10 |
---------------+-------------------------------+-----
Fighting       | 1 2 3 4 5 6 7 |  7.7
Earth Magic    | 4 5 6 7 8 |  8.2
Stealth        | 3 4 5 6 |  6.8
Spellcasting   | 3 4 5 6 |  6.7
Maces & Flails | 2 3 4 |  4.8
Conjurations   | 3 4 |  4.7
Shields        | 1 3 |  3.6
Dodging        | |  1.5
Transmutations | |  0.7

Action                   |  1- 3 |  4- 6 |  7- 9 | 10-12 || total
-------------------------+-------+-------+-------+-------++-------
Melee: Unarmed           |    43 |       |       |       ||    43
       Club              |    95 |    22 |       |       ||   117
       Punch             |       |     2 |     3 |       ||     5
       Dagger            |       |    43 |       |       ||    43
       Whip              |       |       |   333 |    35 ||   368
 Cast: Sandblast         |    29 |    16 |    65 |     5 ||   115
       Stone Arrow       |       |       |    25 |    31 ||    56
Evoke: Wand              |       |       |     2 |     2 ||     4
  Use: Scroll            |       |     1 |     9 |     1 ||    11
       Potion            |       |       |       |     1 ||     1
 Stab: Sleeping          |     3 |     8 |     8 |     2 ||    21
       Distracted        |       |       |     1 |       ||     1
Armor: Robe              |    92 |    28 |   159 |     5 ||   284
       Steam dragon scal |       |       |       |     4 ||     4
Dodge: Dodged            |   141 |    26 |   175 |    26 ||   368
